 Dungeon Crawl Stone Soup version 0.27.0-66-gdc8fb28755 (webtiles) character file.

Game seed: 3228827027302714404

294655 lmSkywalker the Peltast (level 21, -9/101 HPs)
             Began as a Djinni Fire Elementalist on Aug 18, 2021.
             Was the Champion of Qazlal.
             Killed by drain life
             ... invoked by a soul eater
              (11 damage)
             ... on level 3 of the Abyss on Aug 19, 2021.
             The game lasted 04:27:16 (40696 turns).

lmSkywalker the Peltast (Djinni Fire Elementalist) Turns: 40696, Time: 04:27:16

Health: -9/101     AC: 18    Str:  8 (9)  XL:     21   Next: 75%
Gold:   2844       EV: 13    Int: 21 (23) God:    Qazlal [******] SH: 33 Dex: 13 (15)

rFire    + + +     SeeInvis +   H - +9 short sword of Taheipt {vorpal, rC+ Int+5}
rCold    + + .     Faith    .   L - +6 tower shield {AC+3}
rNeg     . . .     Spirit   .   B - +0 troll leather armour
rPois    ∞         Reflect  .   S - +2 hat {SInv}
rElec    .         Harm     .   U - +0 cloak {rF+}
rCorr    .         Rampage  .   D - +0 pair of gloves
Will     ++...     Rnd*Rage +   (boots unavailable) Stlth +.........Rnd*Tele +
                                V - amulet "Ixkeat" {rC++ Regen+ Str+4 Slay+3}
HPRegen  0.00/turn              Y - ring of wizardry
MPRegen  0.00/turn              O - ring of the Tortoise {AC+8}

@: unable to read, flying, inhibited regen, hasted, constricted, studying
Spellcasting, repel missiles, very quick
A: sickness immunity, fire resistance 2, cold vulnerability 1, float, innate
caster, hp casting, extra vitality 1, deformed body, strong 1, [berserk 3],
[clumsy 2], deterioration 1[+1], [dopey 2], [frail 3], [screaming 2], [inhibited
regeneration], [teleportitis 3], [weak 2], [no potion heal 2], [subdued magic
3], [inability to read while threatened]
}: 2/15 runes: decaying, gossamer
a: Renounce Religion, Upheaval, Elemental Force, Disaster Area


You were on level 3 of the Abyss.
You worshipped Qazlal.
Qazlal was exalted by your worship.
You visited 6 branches of the dungeon, and saw 33 of its levels.
You visited the Abyss 1 time.
You also visited: Bailey, Ice Cave and Volcano.

You collected 3621 gold pieces.
You spent 777 gold pieces at shops.

Inventory:

Hand Weapons
 s - a +5 demon whip of freezing
 H - the +9 short sword of Taheipt (weapon) {vorpal, rC+ Int+5}
   (You found it on level 4 of the Spider Nest)

   It inflicts extra damage upon your enemies.
   Int:       It affects your intelligence (+5).
   rC:        It protects you from cold.
Missiles
 P - a throwing net (quivered)
Armour
 o - a +3 leather armour of willpower
 A - a +3 leather armour of resistance
 B - a +0 troll leather armour (worn)
 D - a +0 pair of gloves (worn)
 L - a +6 tower shield of protection (worn)
 R - the +0 robe "Gokidd" {Harm *Slow rElec Int+9}
   (You bought it in a shop on level 2 of the Orcish Mines)

   Int:       It affects your intelligence (+9).
   rElec:     It insulates you from electricity.
   *Slow:     It may slow you when you take damage.
   Harm:      It increases damage dealt and taken.
 S - a +2 hat of see invisible (worn)
 U - a +0 cloak of fire resistance (worn)
Jewellery
 m - a +6 ring of intelligence
 O - the ring of the Tortoise (right hand) {AC+8}
   (You found it on level 12 of the Dungeon)

   [ring of protection]

   AC:        It affects your AC (+8).
 V - the amulet "Ixkeat" (around neck) {rC++ Regen+ Str+4 Slay+3}
   (You found it on level 2 of the Swamp)

   [amulet of regeneration]

   Str:       It affects your strength (+4).
   Slay:      It affects your accuracy & damage with ranged weapons and melee
   (+3).
   rC:        It greatly protects you from cold.
   Regen:     It increases your rate of health regeneration.
 Y - a ring of wizardry (left hand)
Wands
 i - a wand of iceblast (38)
 n - a wand of mindburst (34)
 v - a wand of acid (21)
 x - a wand of digging (7)
 z - a wand of flame (99)
 G - a wand of polymorph (14)
 J - a wand of paralysis (12)
 Q - a wand of charming (10)
Scrolls
 c - 3 scrolls of torment
 d - 5 scrolls of vulnerability
 e - 10 scrolls of immolation
 g - 7 scrolls of fear
 j - 7 scrolls of teleportation
 l - 4 scrolls of identify
 q - 2 scrolls of magic mapping
 u - a scroll of enchant weapon
 w - 4 scrolls of blinking
 y - 2 scrolls of summoning
 F - a scroll of brand weapon
 I - 2 scrolls of fog
 N - 4 scrolls of enchant armour
 T - a scroll of holy word
Potions
 a - 2 potions of attraction
 b - 13 potions of curing
 f - 7 potions of lignification
 h - 4 potions of invisibility
 k - 3 potions of berserk rage
 p - 3 potions of heal wounds
 r - 7 potions of resistance
 t - 7 potions of might
 C - 7 potions of ambrosia
 E - 8 potions of brilliance
 K - 7 potions of haste
 M - 3 potions of mutation
 W - 2 potions of cancellation


   Skills:
 + Level 11.6 Fighting
 - Level 5.0 Armour
 + Level 13.9 Dodging
 - Level 1.5 Stealth
 + Level 19.0 Shields
 + Level 16.3 Spellcasting
 - Level 11.9 Invocations
 - Level 4.8 Evocations


You couldn't memorise any spells.
You knew the following spells:

 Your Spells              Type           Power      Damage    Failure   Level
a - Freezing Cloud        Conj/Ice/Air   22%        6-21      1%          5
b - Fireball              Conj/Fire      22%        3d10      1%          5
c - Irradiate             Conj/Tmut      22%        3d20      1%          5
d - Starburst             Conj/Fire      22%        6d8       1%          6
e - Malign Gateway        Summ/Tloc      22%        N/A       2%          7
f - Monstrous Menagerie   Summ           22%        N/A       2%          7
g - Dispersal             Tloc           22%        N/A       1%          6
h - Conjure Flame         Conj/Fire      45%        6-21      0%          3
i - Inner Flame           Hex/Fire       45%        N/A       0%          3
j - Magic Dart            Conj           100%       1d8       0%          1
k - Sticky Flame          Conj/Fire      45%        2d6       0%          4
l - Searing Ray           Conj           90%        3d6       0%          2
m - Dazzling Flash        Conj/Hex       90%        N/A       0%          3
n - Foxfire               Conj/Fire      100%       2x1d9     0%          1
o - Ensorcelled Hibernat  Hex/Ice        90%        N/A       0%          2
Your spell library was empty.

Dungeon Overview and Level Annotations

Branches:
Dungeon (15/15)            Temple (0/1) D:5            Lair (6/6) D:11
  Swamp (4/4) Lair:2       Spider (4/4) Lair:2        Slime (0/5) Lair:5
    Orc (2/2) D:10            Elf (0/3) Orc:2        Vaults (2/5) D:13
 Depths (0/5) D:15         Bailey (visited)           IceCv (visited)
Volcano (visited)
  Crypt: Vaults:2-3

Altars:
Dithmenos
Elyvilon
Fedhas
Gozag
Hepliaklqana
Kikubaaqudgha
Nemelex Xobeh
Okawaru
Qazlal
Ru
Trog
Xom
Yredelemnul
Beogh
Lugonu

Shops:
D:1 [   D:10 [   D:13 [   Orc:1 [=   Orc:2 [!:[?

Portals:
Abyss: Lair:6

Annotations:
Lair:3 1 runed translucent door
Swamp:2 1 runed translucent door, RatsInWalls's ghost, adept HOMo
Swamp:4 3 runed translucent doors, Thraspic's ghost, adept FoGl
Spider:1 Roxanne


Innate Abilities, Weirdness & Mutations

You are immune to sickness and miasma.
You are immune to poison.
Your flesh is very heat resistant. (rF++)
You are vulnerable to cold. (rC-)
You float through the air rather than walking.
You learn spells naturally, not from books.
Your magical power is your life essence.
You have superior vitality. (+4 HP)
Armour fits poorly on your strangely shaped body.
Your muscles are strong. (Str +2)
[You have an uncontrollable temper.]
[You are very clumsy. (Dex -4)]
[Your body often deteriorates upon taking damage.]
[You are very dopey. (Int -4)]
[You are extremely frail. (-30% HP)]
[You frequently scream uncontrollably at your foes.]
[You do not regenerate when monsters are visible.]
[You are often teleported next to monsters.]
[You are very weak. (Str -4)]
[Potions cannot restore your health.]
[Your spells are much easier to cast, but much less powerful.]
[You sometimes lose the ability to read scrolls when taking damage.]


Message History

A tentacle flies out from the starspawn's body!
The wretched star pulses with an eldritch light!
A tentacle flies out from the starspawn's body!
A starcursed mass splits. 2 starspawn tentacles come into view.
A starspawn tentacle comes into view.
You hear a bark!
The neqoxec gestures at you.
Something tries to feed on your intellect!
The starspawn tentacle barely misses you.
A starcursed mass splits.
The starspawn tentacle is engulfed in freezing vapours.
The soul eater draws from the surrounding life force!
The soul eater is healed.
A starcursed mass splits.
A cacophony of accursed wailing tears at your sanity!
* * * LOW HITPOINT WARNING * * *
You block the starspawn tentacle's attack.
The starspawn tentacle is struck by lightning.
The wretched star pulses with an eldritch light!
A cacophony of accursed wailing tears at your sanity!
* * * LOW HITPOINT WARNING * * *
Your body deteriorates!
You feel weakened.
You suddenly lose the ability to move!
A starcursed mass splits.
A cacophony of accursed wailing tears at your sanity!
* * * LOW HITPOINT WARNING * * *
You shrug off the repeated paralysis!
The starcursed mass is engulfed in blazing flames.
A starcursed mass splits.
The starcursed mass shudders and is absorbed by its neighbour.
The starspawn tentacle grabs you. The starspawn tentacle constricts you.
The starcursed mass is engulfed in freezing vapours.
A starcursed mass splits.
The starcursed mass shudders and is absorbed by its neighbour.
You can move again.
You cannot read scrolls in your current state!
You feel yourself speed up.
The soul eater is engulfed in freezing vapours.
The soul eater draws from the surrounding life force!
You die...

.##.. #..... ##. .## .#
# #.#. #. #.k.# ###. .#
.### #..## ## . .##X#
... .#### .H.#..#.##
#.###....# #. ####
#####3w§.##.#
..........X*3.Xw@...#
.......─.X..X..°#.......
..\. ..$Λ##XX○○..○.....
.....♣.♣..──...X.....#.#
.....≈w≈.....X..........
. ..≈..≈≈.≈...X........#
/≈.≈.≈.≈.≈.X...........
..≈≈≈≈....≈............
.≈≈.≈≈≈...........


You could see 8 starcursed masses, 2 tentacled starspawn, a wretched star, a
soul eater, a neqoxec and 2 starspawn tentacles.

Vanquished Creatures
  Mara (Swamp:3)
  Arachne (Spider:3)
  Gastronok (Lair:2)
  2 thorn hunters
  3 frost giants (IceCv)
  4 ghost moths
  Aizul (Swamp:3)
  3 ghouls (Swamp:4)
  3 emperor scorpions (Spider:4)
  An ironbound preserver (Vaults:1)
  A dire elephant (Vaults:1)
  Nessos (Lair:4)
  6 bunyips
  A white draconian (IceCv)
  An ettin (Orc:1)
  4 entropy weavers
  2 spark wasps
  Snorg (Orc:2)
  5 eleionomae
  A yaktaur captain (Vaults:1)
  Erolcha (D:12)
  4 vault guards (D:13)
  7 ice dragons (IceCv)
  5 boulder beetles
  7 ironbound frosthearts
  2 catoblepae
  4 ghost crabs
  23 hydras
  6 ogre magi
  7 centaur warriors
  17 two-headed ogres
  The ghost of SkeletonJelly the Corrupter of Planes, a journeyman SpAK of Lugonu (Lair:2)
  A death knight (D:12)
  10 alligators
  3 tengu warriors
  Sonja (Lair:4)
  Urug (Lair:1)
  An ironbound beastmaster (Vaults:1)
  3 thrashing horrors (Lair:6)
  2 orc high priests
  The ghost of rogsnak the Magician, a novice DjFE of Makhleb (D:7)
  7 goliath frogs
  4 swamp dragons
  5 skeletal warriors
  3 deep trolls (Vaults:2)
  A death drake (Swamp:4)
  3 spriggan druids
  6 bog bodies
  A lindwurm (shapeshifter) (D:13)
  4 deep elf pyromancers
  3 large abominations (Abyss:3)
  4 spectral hydras (Swamp:4)
  7 orc knights
  A phantasmal warrior (Swamp:4)
  23 ugly things
  A wizard (Vaults:1)
  A harpy (Vaults:1)
  19 orb spiders
  2 lindwurms (Lair:6)
  31 wolf spiders
  6 cyclopes
  3 will-o-the-wisps
  A moth of wrath (Spider:2)
  9 elephants
  A centaur zombie (D:10)
  4 black mambas
  2 vault sentinels (Vaults:1)
  A molten gargoyle (Volcano)
  A torpor snail (Spider:2)
  A smoke demon (Lair:6)
  13 cane toads
  15 rime drakes
  A rime drake (shapeshifter) (Lair:6)
  2 komodo dragons (shapeshifter)
  A kobold demonologist (D:12)
  7 swamp worm zombies (Swamp:4)
  A tengu conjurer (D:14)
  4 freezing wraiths
  11 demonic crawlers
  2 efreet
  An ancient zyme (Lair:6)
  15 komodo dragons
  5 bloated husks
  16 jumping spiders
  4 trolls
  5 hydra zombies (Swamp:4)
  10 polar bears
  8 tyrant leeches
  A wind drake (shapeshifter) (Lair:6)
  21 blink frogs
  14 hornets
  4 dream sheep (Lair:5)
  2 alligator zombies (Swamp:4)
  6 slime creatures
  2 spectral swamp dragons (Swamp:4)
  Sigmund (D:5)
  44 redbacks
  15 tarantellas
  8 spriggans
  4 wraiths
  A nameless horror (Swamp:1)
  42 yaks
  2 wyverns
  3 fire elementals (Volcano)
  Grum (D:9)
  2 basilisks (Lair:6)
  4 chaos spawn (Lair:6)
  2 hogs (D:15)
  A steam dragon (Lair:3)
  7 vampire mosquitoes
  Menkaure (D:6)
  4 acid dragons
  4 wargs
  14 swamp worms
  16 water moccasins
  2 swamp dragon zombies (Swamp:4)
  13 orc warriors
  2 swamp drakes
  6 black bears
  A cane toad skeleton (Abyss:3)
  3 necrophages
  A sky beast (D:7)
  28 ogres
  13 wolves
  9 centaurs
  5 phantoms
  Blork the orc (D:6)
  6 kobold brigands
  A gnoll sergeant (D:7)
  2 water moccasin zombies (D:5)
  5 bullfrogs
  5 scorpions
  A wyvern skeleton (D:7)
  10 killer bees
  2 electric eels
  7 howler monkeys
  3 jellies
  A bullfrog zombie (D:6)
  2 lava snakes (Lair:6)
  5 starcursed masses (Abyss:3)
  18 orc priests
  2 hounds
  2 iguanas
  22 orc wizards
  A killer bee zombie (D:6)
  11 small abominations
  A hound zombie (D:5)
  A hound skeleton (D:4)
  20 gnolls
  3 adders
  A swamp drake zombie (Swamp:4)
  A howler monkey skeleton (D:4)
  2 shadow imps
  3 white imps
  3 ufetubi
  An adder skeleton (D:5)
  3 worms
  96 orcs
  3 ball pythons
  6 endoplasms
  A giant cockroach (D:4)
  11 hobgoblins
  6 jackals
  2 quokkas
  6 bats
  A frilled lizard (D:2)
  11 goblins
  42 kobolds
  4 rats (D:2)
  A briar patch (Swamp:3)
  17 foxfires
  A lurking horror (Abyss:3)
  A starspawn tentacle (Abyss:3)
1090 creatures vanquished.

Vanquished Creatures (collateral kills)
  Nikola (Spider:1)
  A bone dragon (Swamp:4)
  Kirke (D:15)
  The ghost of agentchuck the Spear-Bearer, a journeyman MfHu of Ru (Orc:2)
  A draconian scorcher (Abyss:3)
  Louise (D:15)
  A stone giant (D:15)
  4 ironbound preservers
  An ironbound thunderhulk (Vaults:1)
  A great orb of eyes (Vaults:1)
  A hydra (D:14)
  A yaktaur captain (Vaults:1)
  A boulder beetle (D:15)
  A catoblepas (D:14)
  2 ironbound frosthearts (Vaults:1)
  5 centaur warriors
  2 tengu warriors (D:14)
  2 two-headed ogres (Orc:2)
  A spriggan (Swamp:4)
  A skeletal warrior (D:14)
  10 deep trolls
  2 deep elf pyromancers
  A wizard (Vaults:1)
  2 ironbound convokers (Vaults:1)
  A manticore (D:14)
  2 cyclopes (D:15)
  10 ugly things
  2 vault sentinels (Vaults:1)
  2 smoke demons (Abyss:3)
  3 yaktaurs (Vaults:1)
  A tormentor (Abyss:3)
  A freezing wraith (Abyss:3)
  An ancient zyme (Abyss:3)
  A hornet (Swamp:4)
  6 slime creatures (Vaults:1)
  A spectral swamp dragon (Swamp:4)
  A starcursed mass (Abyss:3)
  A redback (Spider:1)
  A yak (Vaults:1)
  A neqoxec (Abyss:3)
  A hog (D:15)
  A vampire mosquito (Swamp:3)
  A basilisk (D:14)
  2 large abominations (Abyss:3)
  2 ogres
  2 centaurs (D:15)
  3 phantoms (Swamp:4)
  A small abomination (Abyss:3)
  An orc priest (Orc:1)
  An orc wizard (Orc:1)
  A shadow imp (Abyss:3)
  An ufetubus (Abyss:3)
  An orc (Orc:1)
98 creatures vanquished.

Vanquished Creatures (others)
  18 eldritch tentacles
  A very ugly thing (Abyss:3)
  A wolf spider (Spider:4)
  3 bloated husks
  A centaur simulacrum (D:14)
  A fire bat (Abyss:3)
  A neqoxec (Abyss:3)
  A water moccasin (Lair:5)
  2 ogres (Orc:2)
  A centaur (D:15)
  1212 foxfires
  16 fungi
  A lurking horror (Abyss:3)
  36 plants
  11 starspawn tentacles (Abyss:3)
1306 creatures vanquished.

Grand Total: 2494 creatures vanquished

Notes
Turn   | Place    | Note
-------+----------+-------------------------------------------
     0 | D:1      | lmSkywalker the Djinni Fire Elementalist began the quest
                  | for the Orb.
     0 | D:1      | Reached XP level 1. HP: 15/15 MP: 0/0
    40 | D:1      | Found a faded altar of an unknown god.
   169 | D:1      | Became a worshipper of Qazlal Stormbringer
   169 | D:1      | Reached * piety under Qazlal
   197 | D:1      | Reached XP level 2. HP: 13/21 MP: 0/0
   615 | D:1      | Found Kivuceih's Armour Boutique.
  1107 | D:2      | Found a shimmering altar of Xom.
  1114 | D:2      | Reached ** piety under Qazlal
  1115 | D:2      | Reached XP level 3. HP: 22/25 MP: 0/0
  1115 | D:2      | Learned a level 1 spell: Magic Dart
  2175 | D:2      | Reached XP level 4. HP: 16/31 MP: 0/0
  2518 | D:3      | Reached XP level 5. HP: 28/35 MP: 0/0
  2518 | D:3      | Learned a level 2 spell: Ensorcelled Hibernation
  2759 | D:3      | Noticed a kobold brigand
  2895 | D:3      | Killed a kobold brigand
  2896 | D:3      | Reached XP level 6. HP: 31/40 MP: 0/0
  3021 | D:3      | Reached skill level 5 in Spellcasting
  3322 | D:3      | Found a sacrificial altar of Ru.
  3536 | D:3      | Found an iron altar of Okawaru.
  3537 | D:3      | Found a blossoming altar of Fedhas.
  3740 | D:4      | Reached XP level 7. HP: 35/45 MP: 0/0
  3740 | D:4      | Learned a level 2 spell: Searing Ray
  3917 | D:4      | Found a bloodstained altar of Trog.
  3985 | D:4      | Noticed a two-headed ogre
  4060 | D:4      | Found a shadowy altar of Dithmenos.
  4069 | D:4      | Reached *** piety under Qazlal
  4191 | D:4      | Killed a two-headed ogre
  4192 | D:4      | Reached XP level 8. HP: 41/50 MP: 0/0
  4928 | D:5      | Entered Level 5 of the Dungeon
  5567 | D:5      | Reached XP level 9. HP: 39/55 MP: 0/0
  5567 | D:5      | Learned a level 3 spell: Dazzling Flash
  5859 | D:5      | Found a sparkling altar of Nemelex Xobeh.
  5900 | D:5      | Found a staircase to the Ecumenical Temple.
  5915 | D:5      | Reached skill level 1 in Shields
  5915 | D:5      | Reached skill level 1 in Invocations
  6140 | D:5      | Reached skill level 2 in Shields
  6393 | D:5      | Noticed Sigmund
  6400 | D:5      | Killed Sigmund
  6401 | D:5      | Reached skill level 3 in Shields
  6951 | D:6      | Identified the +5 chain mail "Idghet" {*Slow rF+ rCorr}
  7060 | D:6      | Noticed a troll
  7351 | D:6      | Reached skill level 4 in Shields
  7869 | D:6      | Reached skill level 5 in Invocations
  7998 | D:6      | Noticed Menkaure
  7999 | D:6      | Upgraded the game from 0.27.0-1-g7a089689b8 to
                  | 0.27.0-65-ge2af304b15
  8002 | D:6      | Killed Menkaure
  8195 | D:6      | Reached skill level 1 in Fighting
  8195 | D:6      | Reached XP level 10. HP: 54/62 MP: 0/0
  8358 | D:6      | Noticed Blork the orc
  8368 | D:6      | Killed Blork the orc
  8982 | D:7      | Found an opulent altar of Gozag.
  9037 | D:7      | Identified the +6 spear of Veitupp {protect, rC- Int+7}
  9059 | D:7      | Reached **** piety under Qazlal
  9113 | D:7      | Reached skill level 5 in Dodging
  9455 | D:7      | Noticed rogsnak's ghost (novice DjFE)
  9460 | D:7      | Found a runed translucent gate.
  9460 | D:7      | Found a runed translucent gate.
  9461 | D:7      | Identified the +9 hunting sling "Goblinbane" {flame, rF-
                  | rCorr Str+6}
  9463 | D:7      | Found a runed translucent gate.
 10408 | D:8      | Reached skill level 5 in Fighting
 11215 | D:9      | Noticed Grum
 11224 | D:9      | Killed Grum
 11225 | D:9      | Reached XP level 11. HP: 45/76 MP: 0/0
 11225 | D:9      | Learned a level 5 spell: Freezing Cloud
 11334 | D:9      | Reached ***** piety under Qazlal
 11372 | D:9      | Reached skill level 10 in Spellcasting
 11679 | D:9      | Reached skill level 1 in Armour
 11691 | D:9      | Found a hazy altar of Hepliaklqana.
 11697 | D:9      | Found a white marble altar of Elyvilon.
 11703 | D:9      | Found a basalt altar of Yredelemnul.
 11811 | D:10     | Entered Level 10 of the Dungeon
 12405 | D:10     | Found Dukhunatz's Antique Armour Shoppe.
 12414 | D:10     | Bought a silken robe for 182 gold pieces
 12414 | D:10     | Identified the +1 robe of Zablog {MP-9 Dex+6} (You bought
                  | it in a shop on level 10 of the Dungeon)
 12488 | D:10     | Found a staircase to the Orcish Mines.
 12954 | D:10     | Reached XP level 12. HP: 62/84 MP: 0/0
 13013 | D:11     | Noticed a centaur warrior
 13055 | D:11     | Noticed a two-headed ogre
 13065 | D:10     | Killed a two-headed ogre
 13065 | D:10     | Reached ****** piety under Qazlal
 13125 | D:11     | Killed a centaur warrior
 13138 | D:11     | Noticed a two-headed ogre
 13148 | D:11     | Killed a two-headed ogre
 13471 | D:11     | Found a staircase to the Lair.
 13726 | D:11     | Identified the +3 ring mail "Coep" {Int+2}
 13849 | D:12     | Noticed a death knight
 13858 | D:12     | Killed a death knight
 14014 | D:12     | Found a flagged portal.
 14021 | Bailey   | Entered a bailey
 14463 | D:12     | Noticed a two-headed ogre
 14471 | D:12     | Killed a two-headed ogre
 14580 | D:12     | Noticed a six-headed hydra
 14586 | D:12     | Killed a six-headed hydra
 14784 | D:12     | Noticed Erolcha
 14789 | D:12     | Killed Erolcha
 14790 | D:12     | Reached XP level 13. HP: 80/92 MP: 0/0
 14790 | D:12     | Learned a level 5 spell: Irradiate
 14918 | D:12     | Found the ring of the Tortoise {AC+8}
 15188 | D:13     | Reached skill level 5 in Armour
 15195 | D:13     | Noticed a centaur warrior
 15215 | D:13     | Killed a centaur warrior
 15261 | D:13     | Reached skill level 1 in Evocations
 15361 | D:13     | Noticed a vault guard
 15369 | D:13     | Noticed a vault guard
 15372 | D:13     | Killed a vault guard
 15373 | D:13     | Killed a vault guard
 15399 | D:12     | Reached skill level 10 in Dodging
 15430 | D:13     | Noticed an eight-headed hydra
 15438 | D:12     | Gained mutation: [Your body sometimes deteriorates upon
                  | taking damage.] [mutagenic glow]
 15519 | Lair:1   | Entered Level 1 of the Lair of Beasts
 15520 | Lair:1   | Noticed Urug
 15533 | Lair:1   | Killed Urug
 16196 | Lair:1   | Found a shadowy altar of Dithmenos.
 16770 | Lair:2   | Noticed Gastronok
 16833 | Lair:2   | Killed Gastronok
 16861 | Lair:2   | Found a hole to the Spider Nest.
 16867 | Lair:2   | Found a dark tunnel.
 16875 | Volcano  | Entered a volcano
 17110 | Lair:2   | Noticed SkeletonJelly's ghost (journeyman SpAK)
 17251 | Lair:2   | Noticed an eight-headed hydra
 17263 | Lair:2   | Killed an eight-headed hydra
 17264 | Lair:2   | Reached XP level 14. HP: 100/101 MP: 0/0
 17363 | Lair:2   | Identified the +5 great mace "Bivvirch" {vorpal, Will-
                  | Int+6 Stlth+}
 17373 | Lair:2   | Found a runed translucent gate.
 17374 | Lair:2   | Found a runed translucent gate.
 17381 | Lair:2   | Found a runed translucent gate.
 17573 | Lair:2   | Found a staircase to the Swamp.
 17691 | Lair:2   | Killed SkeletonJelly's ghost
 17742 | Lair:2   | Reached XP level 15. HP: 107/107 MP: 0/0
 17742 | Lair:2   | Learned a level 6 spell: Starburst
 17988 | D:7      | Killed rogsnak's ghost
 18799 | Lair:3   | Found a runed translucent door.
 19419 | Lair:4   | Noticed Sonja
 19425 | Lair:4   | Killed Sonja
 19443 | Lair:4   | Noticed Nessos
 19469 | Lair:4   | Killed Nessos
 20100 | Lair:4   | Reached XP level 16. HP: 112/112 MP: 0/0
 20584 | Lair:5   | Found a staircase to the Slime Pits.
 20587 | Lair:5   | Found a blossoming altar of Fedhas.
 21267 | Lair:6   | Entered Level 6 of the Lair of Beasts
 21634 | Lair:6   | Reached XP level 17. HP: 93/118 MP: 0/0
 21634 | Lair:6   | Learned a level 7 spell: Malign Gateway
 23291 | Lair:6   | Reached skill level 15 in Spellcasting
 23302 | Lair:6   | Found a corrupted altar of Lugonu.
 23302 | Lair:6   | Found a one-way gate to the infinite horrors of the Abyss.
 23303 | Lair:6   | Found the +7 mace of Variability {chain chaos}
 23564 | Orc:1    | Entered Level 1 of the Orcish Mines
 23842 | Orc:1    | Found Mehixig's Jewellery Shoppe.
 23846 | Orc:1    | Found Nibenoimiv's Antique Armour Boutique.
 24289 | Orc:2    | Entered Level 2 of the Orcish Mines
 24518 | Orc:2    | Found Fizech's Magic Scroll Boutique.
 24596 | Orc:2    | Reached skill level 10 in Fighting
 24795 | Orc:2    | Found Jonu Qut's Book Shoppe.
 24795 | Orc:2    | Found Orisabb's Armour Boutique.
 24796 | Orc:2    | Found Taycunn's Distillery.
 24796 | Orc:2    | Found Luimet's Antique Armour Shop.
 24810 | Orc:2    | Noticed Snorg
 24818 | Orc:2    | Killed Snorg
 24978 | Orc:2    | Bought a scroll of fear for 52 gold pieces
 24978 | Orc:2    | Bought a scroll of fear for 52 gold pieces
 24978 | Orc:2    | Bought a scroll of identify for 30 gold pieces
 25076 | Orc:2    | Found a staircase to the Elven Halls.
 25083 | Orc:2    | Found a runed translucent door.
 25085 | Orc:2    | Noticed agentchuck's ghost (journeyman MfHu)
 25107 | Orc:2    | Killed agentchuck's ghost
 25610 | Orc:2    | Bought a shiny tower shield for 262 gold pieces
 25610 | Orc:2    | Bought a fine robe for 199 gold pieces
 25610 | Orc:2    | Identified the +0 robe "Gokidd" {Harm *Slow rElec Int+9}
                  | (You bought it in a shop on level 2 of the Orcish Mines)
 25781 | Swamp:1  | Entered Level 1 of the Swamp
 25870 | Spider:1 | Entered Level 1 of the Spider Nest
 25909 | Spider:1 | Reached skill level 5 in Shields
 25916 | Spider:1 | Noticed Nikola
 25922 | Spider:1 | Killed Nikola
 26020 | Spider:1 | Reached skill level 6 in Shields
 26062 | Spider:1 | Reached XP level 18. HP: 110/125 MP: 0/0
 26245 | Spider:1 | Reached skill level 7 in Shields
 26334 | Spider:1 | Identified Roxanne's Incunabulum of Transmigration
 26334 | Spider:1 | Noticed Roxanne
 26767 | Spider:2 | Reached skill level 8 in Shields
 27152 | Spider:2 | Reached skill level 9 in Shields
 27655 | Spider:3 | Reached skill level 10 in Shields
 27803 | Spider:3 | Reached skill level 11 in Shields
 27818 | Spider:3 | Found a frozen archway.
 27851 | IceCv    | Entered an ice cave
 28033 | IceCv    | Reached skill level 12 in Shields
 28673 | IceCv    | Reached skill level 13 in Shields
 29067 | Spider:3 | Noticed Arachne
 29075 | Spider:3 | Killed Arachne
 29076 | Spider:3 | Reached XP level 19. HP: 98/130 MP: 0/0
 29076 | Spider:3 | Learned a level 6 spell: Dispersal
 29521 | Spider:3 | Identified a scroll of acquirement
 29522 | Spider:3 | Acquired the amulet "Anuonut" {rElec Regen+}
 30037 | Spider:4 | Entered Level 4 of the Spider Nest
 30270 | Spider:4 | Reached skill level 14 in Shields
 30406 | Spider:4 | Identified the +9 short sword of Taheipt {vorpal, rC+
                  | Int+5}
 30652 | Spider:4 | Reached skill level 15 in Shields
 30768 | Spider:4 | Got a gossamer rune of Zot
 32152 | Swamp:2  | Reached skill level 16 in Shields
 32378 | Swamp:2  | Identified the amulet "Ixkeat" {rC++ Regen+ Str+4 Slay+3}
 32899 | Swamp:2  | Found a runed translucent door.
 32899 | Swamp:2  | Found a shimmering altar of Xom.
 32899 | Swamp:2  | Noticed RatsInWalls's ghost (adept HOMo)
 33049 | Swamp:3  | Reached XP level 20. HP: 125/136 MP: 0/0
 33106 | Swamp:3  | Reached skill level 17 in Shields
 33191 | Swamp:3  | Noticed Mara
 33198 | Swamp:3  | Killed Mara
 33255 | Swamp:3  | Noticed Aizul
 33264 | Swamp:3  | Killed Aizul
 34075 | Swamp:4  | Entered Level 4 of the Swamp
 34644 | Swamp:4  | Reached skill level 18 in Shields
 35024 | Swamp:4  | Found a runed translucent gate.
 35024 | Swamp:4  | Found a runed translucent gate.
 35024 | Swamp:4  | Found a runed translucent gate.
 35024 | Swamp:4  | Noticed Thraspic's ghost (adept FoGl)
 35384 | Swamp:4  | Noticed a bone dragon
 35409 | Swamp:4  | Killed a bone dragon
 35545 | Swamp:4  | Got a decaying rune of Zot
 35961 | D:13     | Found Vikhloegg's Antique Armour Boutique.
 36156 | D:13     | Found a gate to the Vaults.
 36525 | D:14     | Reached XP level 21. HP: 118/142 MP: 0/0
 36525 | D:14     | Learned a level 7 spell: Monstrous Menagerie
 37507 | D:14     | Identified the +2 shortbow of the Fool {vorpal, rElec rCorr
                  | Str+2 Int-4}
 37550 | D:15     | Entered Level 15 of the Dungeon
 37550 | D:15     | Identified the +6 tower shield "Lofrye Nenu" {rPois rN+++
                  | Int-4 Stlth+}
 37550 | D:15     | Noticed Louise
 37583 | D:15     | Noticed Kirke
 37585 | D:15     | Killed Louise
 37590 | D:15     | Killed Kirke
 37762 | D:15     | Acquired 425 gold pieces
 37764 | D:15     | Acquired a manual of Spellcasting
 37880 | D:15     | Upgraded the game from 0.27.0-65-ge2af304b15 to
                  | 0.27.0-66-gdc8fb28755
 38208 | D:15     | Found a staircase to the Depths.
 38578 | Vaults:1 | Entered Level 1 of the Vaults
 39995 | Vaults:1 | Reached skill level 19 in Shields
 40280 | Vaults:2 | Cast into level 3 of the Abyss (a wizard)
 40286 | Abyss:3  | Gained mutation: Your muscles are strong. (Str +2) [a
                  | neqoxec]
 40287 | Abyss:3  | Noticed a dread lich
 40291 | Abyss:3  | Paralysed by a dread lich for 6 turns
 40296 | Abyss:3  | Found a corrupted altar of Lugonu.
 40302 | Abyss:3  | Gained mutation: Armour fits poorly on your strangely
                  | shaped body. [a neqoxec]
 40346 | Abyss:3  | Paralysed by accursed screaming for 1 turns
 40534 | Abyss:3  | Found a corrupted altar of Lugonu.
 40680 | Abyss:3  | Lost mutation: [Your body often deteriorates upon taking
                  | damage.] [a neqoxec]
 40681 | Abyss:3  | Gained mutation: [Your body often deteriorates upon taking
                  | damage.] [a neqoxec]
 40694 | Abyss:3  | Paralysed by accursed screaming for 2 turns
 40695 | Abyss:3  | HP: 2/101 [starcursed mass/accursed screaming (15)]
 40696 | Abyss:3  | Killed from afar by a soul eater

Illustrated notes

Levels and vault maps discovered:
D:1:      nicolae_arrival_somewhat_less_tricky_arrival, layout_rooms,
          ebering_ecumenical_altar_mist, serial_shops, nicolae_diamond_shop,
          minmay_misc_feat_nine_boxes
D:2:      layout_loops_cross, basic_altar, serial_forest,
          infiniplex_forest_clump_diagonal, infiniplex_forest_lined_corner,
          infiniplex_forest_lined_2, infiniplex_forest_corner_1,
          infiniplex_forest_clump_large
D:3:      cheibrodos_thug_alley, layout_rooms, mainiacjoe_overflow_24_doors,
          mainiacjoe_overflow_concentric_impassable,
          gammafunk_temple_overflow_statue, serial_bayou_crossing
D:4:      layout_cave_pools, lightli_temple_of_fire, grunt_dithmenos_smoke,
          minmay_bent
D:5:      layout_basic, mainiacjoe_overflow_chevrons,
          minmay_temple_entry_water_ring, uniq_sigmund
D:6:      hangedman_cross_stitches, layout_basic, uniq_menkaure,
          uniq_blork_the_orc
D:7:      layout_layer_cave, nicolae_gozag_seed_capital, gammafunk_ghost_split
D:8:      layout_basic
D:9:      layout_roguey [special_room_orc], minmay_overflow_temple_star_quad,
          uniq_grum
D:10:     layout_stronghold, hiddenorc2_lemuel, serial_shops, shop
D:11:     layout_cave_pools, lair_entry_dummy
D:12:     layout_irregular_city, enter_bailey_5, uniq_erolcha
D:13:     layout_loops_ring, lightli_vaults_fourway_checkpoint, serial_shops,
          nicolae_diamond_shop
D:14:     minmay_octagon_keep, layout_long_grid, minmay_misc_feat_chi,
          minmay_checkerbox
D:15:     grunt_enter_depths_snipers, layout_small_grid,
          minmay_misc_feat_ornament, uniq_louise, uniq_kirke
Lair:1:   layout_long_grid, basic_altar, uniq_urug
Lair:2:   layout_gridlike, palyth_hydra_swamp_entry, spider_nest_entry_a,
          gammafunk_ghost_split, enter_volcano_2, serial_bayou_pond_e,
          chequers_serial_rivers_micro_d, nicolae_quartered_pool_medium,
          patterned_corridor, uniq_gastronok
Lair:3:   gammafunk_indiana_jones, layout_chaotic_city
Lair:4:   layout_gridlike, grunt_megastairs_4, uniq_nessos, uniq_sonja
Lair:5:   layout_cave_pods, nicolae_slime_entry_slimehenge, basic_altar,
          lookout_lair_type, hibernation_bobbens
Lair:6:   hellmonk_lair_end_abyssal_woods, layout_gridlike
Swamp:1:  layout_basic_swamp, evilmike_swamp_ruin_house_5
Swamp:2:  nicolae_swamp_husk_halls, layout_basic_swamp, ebering_ghost_xom,
          evilmike_swamp_ruin_house_2, nicolae_swamp_dense_foliage,
          infiniplex_staircase_pool
Swamp:3:  layout_falls_marsh, evilmike_swamp_ruin_house_1, uniq_mara, uniq_aizul
Swamp:4:  swamp_pestilence, layout_basic_swamp, ebering_ghost_rock_garden
Spider:1: layout_spider_delve, drop_trap, uniq_roxanne, uniq_nikola
Spider:2: layout_spider_delve, nicolae_spider_not_touching_you
Spider:3: layout_chambers, portal_ice_cave_entry_pillars_2, uniq_arachne
Spider:4: grunt_spider_rune_island
Orc:1:    layout_caves, statue_in_the_mist_lemuel, guppyfry_orc_lava_fort
Orc:2:    st_orc_ogre_mass, layout_caves, serial_shops, shop_statue,
          ebering_ghost_inner_flame, uniq_snorg
Vaults:1: ontoclasm_vaults_hangar, vaults_room_ringed_pool, v_misc_8,
          v_alt_pattern_2, ontoclasm_vaults_decontamination,
          ontoclasm_vaults_bender, vaults_room_fours,
          nicolae_vaults_network_star, vaults_mumra_minichess, vaults_room_pool,
          layout_vaults_omnibox
Vaults:2: v_misc_29, minmay_crypt_entry_necro_gods, st_hourglassy,
          nicolae_vaults_little_squares_5, v_misc_25, vaults_dpeg_ring,
          vaults_dpeg_encased_lava, nicolae_vaults_asterisk, vaults_room_pool,
          hangedman_vaults_maws, nicolae_vaults_little_ls,
          nicolae_vaults_border_crossing, nicolae_vaults_gold_heap,
          nicolae_vaults_diagonal_hallway_9, layout_vaults_omnicross,
          uniq_margery
Abyss:3:  base: Lair:2, gammafunk_abyss_rune_reverse_zot,
          hangedman_abyss_feature_spike, hangedman_abyss_feature_spike,
          due_exit_kobolds, hangedman_abyss_overflow_altar,
          nicolae_abyss_rune_left_handed, bh_abyss_exit_choice,
          nicolae_abyss_rune_star_stuff, evilmike_abyss_exit_mutagenic,
          bh_abyss_exit_choice, hangedman_decor_riveting,
          guppyfry_abyss_exit_glass_guarded, hangedman_decor_points,
          due_evilmike_abyss_rune_seething_liches, evilmike_abyss_exit_6,
          evilmike_nicolae_abyss_rune_betentacled_crabyss,
          nicolae_abyss_rune_star_stuff, nicolae_abyss_rune_star_stuff,
          minivault_5

Skill      XL: |  1  2  3  4  5  6  7  8  9 10 11 12 13 14 15 16 17 18 19 20 21 |
---------------+----------------------------------------------------------------+-----
Spellcasting   | 3 4 5 7 8 10 11 13 14 15 16 | 16.3
Shields        | 4 6 13 16 18 19 | 19.0
Invocations    | 6 7 9 11 | 11.9
Fighting       | 1 6 8 9 10 11 | 11.6
Dodging        | 7 9 10 11 12 13 | 13.9
Armour         | 2 4 5 |  5.0
Evocations     | 4 |  4.8
Stealth        | |  1.5

Action                   |  1- 3 |  4- 6 |  7- 9 | 10-12 | 13-15 | 16-18 | 19-21 || total
-------------------------+-------+-------+-------+-------+-------+-------+-------++-------
Melee: Unarmed           |     2 |     2 |       |       |       |       |       ||     4
       Dagger            |       |     4 |    19 |     2 |     2 |       |       ||    27
       Demon whip        |       |       |       |       |    16 |    37 |    80 ||   133
       Staff             |       |       |       |       |       |    87 |       ||    87
       Short sword       |       |       |       |       |       |       |    69 ||    69
 Cast: Foxfire           |    84 |    83 |   141 |   446 |       |       |       ||   754
       Conjure Flame     |       |       |    37 |    26 |       |       |       ||    63
       Searing Ray       |       |       |    12 |    66 |     3 |       |       ||    81
       Dazzling Flash    |       |       |     2 |    12 |     4 |       |       ||    18
       Ensorcelled Hiber |       |       |     1 |       |       |       |       ||     1
       Fireball          |       |       |       |     6 |    13 |    64 |   168 ||   251
       Freezing Cloud    |       |       |       |    71 |   145 |   327 |   239 ||   782
       Irradiate         |       |       |       |       |    19 |    27 |    11 ||    57
       Starburst         |       |       |       |       |     2 |    67 |   116 ||   185
       Malign Gateway    |       |       |       |       |       |     5 |    15 ||    20
       Monstrous Menager |       |       |       |       |       |       |   134 ||   134
Invok: Elemental Force   |       |       |       |       |       |       |     3 ||     3
       Disaster Area     |       |       |       |       |       |       |     2 ||     2
  Use: Scroll            |       |       |     5 |     9 |     8 |     9 |    16 ||    47
       Potion            |       |       |       |       |     2 |       |     6 ||     8
 Stab: Distracted        |       |       |       |       |       |       |     2 ||     2
Armor: Robe              |     4 |     3 |     6 |       |       |       |       ||    13
       Acid dragon scale |       |       |     4 |       |       |       |       ||     4
       Troll leather arm |       |       |       |    20 |     8 |    84 |   149 ||   261
Dodge: Dodged            |    10 |     4 |    33 |   119 |    30 |   150 |   218 ||   564
       Repelled          |       |       |       |     2 |     1 |     3 |     7 ||    13
Block: Other             |     1 |       |     4 |       |       |       |       ||     5
       Buckler           |       |       |    19 |   103 |    48 |   110 |       ||   280
       Tower shield      |       |       |       |       |       |   164 |   801 ||   965
